[Event "50th La Roda Open 2024"]
[Site "La Roda"]
[Date "2024.03.28"]
[Round "2.8"]
[White "Haering Hijon, Javier"]
[Black "Sonis, Francesco"]
[Result "0-1"]
[ECO "A30"]
[WhiteElo "2045"]
[BlackElo "2562"]
[Annotator "TA"]
[PlyCount "102"]
[EventDate "2024.03.27"]
[EventType "swiss"]
[EventCountry "ESP"]
[SourceTitle "playchess.com"]
[Source "ChessBase"]
[SourceQuality "1"]
[TimeControl "5400+30"]

1. Nf3 c5 2. c4 Nc6 3. b3 e5 4. Nc3 g6 5. Bb2 Bg7 6. d3 Nge7 7. e3 (7. g3 $11) 7... O-O 8. Be2 {[%emt 0:00:05] Schwarz steht etwas besser.} d5 9. cxd5 Nxd5 10. Qd2 Nc7 11. O-O b6 12. Rfd1 Qd7 (12... Bb7 $15 {scheint genauer.}) 13. Rac1 Bb7 14. Qc2 Rfd8 15. Qb1 Qe7 16. Qa1 (16. a3 $15) 16... Rd7 17. Ne4 Rad8 18. Ned2 f6 19. a3 Nd5 20. Ne1 f5 21. Nc4 Re8 (21... b5 $5 22. Nd2 h5 $15) 22. Bf1 f4 (22... b5 $17 23. Nd2 a6) 23. e4 $11 Nc7 24. b4 Nb5 25. bxc5 bxc5 26. a4 Nc7 27. Ba3 Na6 28. Qc3 Nab4 29. Rb1 (29. Nd2 $1 $14) 29... Bf8 30. Nc2 Qe6 31. Na1 (31. Nd2 $15 {verdient Beachtung.}) 31... Ba6 32. Nb3 Red8 {[%emt 0:01:41] ...Bxc4 wäre nun fies.} 33. Be2 ({Besser ist} 33. Rd2) 33... Nd4 ({Vorzuziehen ist} 33... g5 $17 34. Nca5 Nxa5 (34... Bxd3 35. Nxc6 Qxc6 36. Bxb4 $15) 35. Nxa5 g4 (35... Bxd3 36. Nb7 $11) (35... Nxd3 36. Rd2 $17)) 34. Nxd4 $15 Rxd4 35. Nb2 (35. f3 $11) 35... Rb8 36. h3 (36. Nc4 $15) 36... Na2 $1 $17 37. Qa5 Rb3 $1 $36 {[%emt 0:02:53][%mdl 2048] Schwarz drückt.} 38. Bxc5 {[%emt 0:01:31][%mdl 8192] Danach ist Weiß chancenlos.} (38. Bg4 $15 Qc6 39. Nc4 Bxc4 (39... Rbxd3 $2 40. Rxd3 Rxd3 41. Nxe5 $18) 40. dxc4 Rxd1+ (40... Rxa3 41. Rxd4 exd4 42. Rb8 $16) 41. Rxd1) 38... Bxc5 $19 39. Qxc5 {[%emt 0:00:02][%cal Ob2c4] Droht stark Nc4!} Nc3 $1 40. Bg4 {[%emt 0:00:20] [#]} Qd6 41. Qxa7 (41. Qxd6 $142 Rxd6 42. Rbc1 Nxd1 43. Nxd1) 41... Nxb1 {[%emt 0:00:12] Schwarz steht klar auf Gewinn.} 42. Rxb1 Rb7 {[%emt 0:00:09] Aktives Gegenspiel!} (42... Bxd3 $2 43. Rc1 Ba6 (43... Rxb2 44. Rc8+) 44. Rc7 $18) 43. Qa8+ Rb8 44. Qa7 {[%emt 0:00:38] [#]} Rdb4 $1 {[%emt 0:00:03][%cal Ob4b7] Weiss muss nun ...R4b7! beachten.} (44... Bxd3 $2 {ist das falsche Schlagen.} 45. Be6+ Kh8 46. Rc1 Bxe4 (46... Rxb2 47. Qf7 Qd8 48. Rc7 Rb1+ 49. Kh2) 47. Rc7 $18) 45. Rc1 Rxb2 46. Rc7 R2b7 (46... Bxd3 47. Rg7+ (47. Rxh7 R2b7 $18) 47... Kh8 48. Rxh7+ Kg8 49. Qg7#) 47. Rxb7 Rxb7 48. Qa8+ Rb8 49. Qa7 Bxd3 50. Be6+ Kh8 {[%emt 0:00:04] Und ...Rb1+ würde nun gewinnen.} 51. Qf7 Rf8 {[%emt 0:00:04] Gewichteter Fehlerwert: Weiß=0.54/Schwarz=0.19 (sehr präzise) .  Verlustzug:     	Weiß=1     	---        Fehler:       	Weiß=8     	Schwarz=3     Ungenau:       	Weiß=2     	Schwarz=3     OK:         	Weiß=7     	Schwarz=7     Bester:       	Weiß=3     	---        Stark:        	---       	Schwarz=3} ({Nicht} 51... Bxe4 52. Qf6#) 0-1

[Event "50th La Roda Open 2024"]
[Site "La Roda"]
[Date "2024.03.28"]
[Round "2.9"]
[White "Siddharth, Jagadeesh"]
[Black "Del Rio Perezagua, Mario"]
[Result "1-0"]
[ECO "B90"]
[WhiteElo "2490"]
[BlackElo "2070"]
[Annotator "TA"]
[PlyCount "77"]
[EventDate "2024.03.27"]
[EventType "swiss"]
[EventCountry "ESP"]
[SourceTitle "playchess.com"]
[Source "ChessBase"]
[SourceQuality "1"]
[TimeControl "5400+30"]

1. e4 c5 2. Nf3 d6 3. d4 cxd4 4. Nxd4 Nf6 5. Nc3 a6 6. Be3 e5 7. Nf3 Be7 8. Bc4 Be6 9. Bb3 h6 10. Nh4 O-O 11. Nf5 {[%emt 0:01:30] White is slightly better.} Bxf5 12. exf5 Nbd7 13. g4 Nc5 14. h4 (14. g5 $11 hxg5 15. Bxg5) 14... Nxb3 $15 15. axb3 d5 16. g5 d4 $1 17. gxf6 Bxf6 18. Ne4 dxe3 19. fxe3 Qb6 20. Kf2 Rac8 21. Ra4 (21. Rc1 $11) 21... Rfd8 (21... Be7 $1 $17) 22. Qe2 $11 Rd7 23. Rc4 Rcd8 24. Qe1 Rd5 25. Qc3 Be7 {[%emt 0:02:17] aiming for ...g6.} 26. Kf3 $2 (26. Rc8 $11) 26... a5 $2 (26... g6 $1 $19 27. Rg1 Kf8 (27... Bxh4 28. Rb4 $15) 28. fxg6 Qe6 (28... fxg6 29. Kg3 $15)) 27. Rc7 Bb4 28. Qc4 R5d7 29. Rxd7 (29. Rd1 Rxc7 30. Rxd8+ Kh7) 29... Rxd7 30. Rg1 {[%emt 0:00:46] Threatens to win with f6.} Be7 31. Rg6 Qd8 32. f6 {[%emt 0:03:57] Really sharp!} Bf8 33. fxg7 Be7 {[%emt 0:00:05] Repels Nf6+} (33... Bxg7 $11 {keeps the balance.} 34. Rg1 Rc7) 34. Rxh6 $40 {[%emt 0:00:56][%mdl 128] White goes for the king.} Kxg7 {[%emt 0:00:29] [#]} 35. Ng3 $2 {[%emt 0:12:03][%mdl 8192] White is more active.} Kxh6 $17 36. Nf5+ Kg6 37. Qg4+ {[%emt 0:01:25] [#]} Kf6 $2 {[%emt 0:00:06][%mdl 8192] [#]} (37... Bg5 $1 $17 {[%cal Od7c7] stays on course. ...Rc7! would now be deadly.} 38. hxg5 Rd2 (38... Qxg5 39. Nh4+ Kh6 40. Qxd7 $16)) 38. Nh6 $1 $18 e4+ 39. Kxe4 {[%emt 0:00:44] Weighted Error Value: White=0.27 (precise) /Black=0.34.  Loses game:     	White=1     	Black=1      Missed win:     	---       	Black=1      Mistake:       	White=3     	Black=2      Inaccurate:     	White=1     	Black=2      OK:         	White=8     	Black=10     Best:        	White=7     	Black=4      Strong:       	White=1     	Black=1} 1-0

[Event "50th La Roda Open 2024"]
[Site "La Roda"]
[Date "2024.03.28"]
[Round "2.10"]
[White "Hapala, Elisabeth"]
[Black "Elias Reyes, Jorge Roberto"]
[Result "0-1"]
[ECO "B90"]
[WhiteElo "2015"]
[BlackElo "2473"]
[Annotator "TA"]
[PlyCount "102"]
[EventDate "2024.03.27"]
[EventType "swiss"]
[EventCountry "ESP"]
[SourceTitle "playchess.com"]
[Source "ChessBase"]
[SourceQuality "1"]
[TimeControl "5400+30"]

1. e4 c5 2. Nf3 d6 3. d4 cxd4 4. Nxd4 Nf6 5. Nc3 a6 6. h3 e5 7. Nb3 Be7 8. g4 h6 9. Be3 b5 {[%emt 0:00:03] Die Stellung ist ausgeglichen.} 10. a4 bxa4 11. Rxa4 Bd7 {[%emt 0:00:04] Verhindert Bb5.} 12. Ra1 Nc6 13. Nd5 O-O 14. Bg2 (14. Bxa6 Nxd5 (14... Nxe4 15. O-O $15) 15. exd5 Nb4 $17) 14... Nxd5 15. exd5 Nd4 (15... Nb4 $6 16. c3 $16) 16. c3 (16. Na5 $11) 16... Nxb3 $17 17. Qxb3 f5 18. Qc2 (18. gxf5 $17 Rb8 (18... Rxf5 19. c4 $15) 19. Qc2) 18... Bg5 $19 19. Bxg5 Qxg5 20. Qd2 Qxd2+ (20... fxg4 21. Qxg5 hxg5 22. hxg4 $17) (20... Qg6 $142 21. Qe3 a5 (21... fxg4 22. Be4 $19)) 21. Kxd2 $17 fxg4 22. Ke3 a5 23. hxg4 Bxg4 24. Be4 Bd7 25. Ra2 ({Günstiger ist} 25. b4 $15) 25... a4 26. Rha1 Rab8 27. Bc2 Bg4 28. Be4 {[%emt 0:03:26] Verhindert Rf3+} Bd7 29. Bc2 Bb5 30. Bxa4 Bc4 31. b3 Bxb3 {[%emt 0:04:23] Schwarz steht aktiver.} (31... Bxd5 32. c4 Rf3+ 33. Ke2 $17) 32. Bxb3 Rxb3 33. Ra3 Rxa3 34. Rxa3 {[%emt 0:00:03][%mdl 4096] Endspiel. KR-KR} h5 $1 35. c4 Rf4 (35... h4 $17 36. c5 dxc5) 36. Ra6 $15 Rf6 $1 37. Ke4 $2 {[%emt 0:00:27] [#]} (37. Ra5 $15) 37... h4 $1 $19 (37... Rxf2 38. Rxd6 h4 (38... Rf4+ 39. Kxe5 Rxc4 40. Rc6 $11) 39. Rb6 $11 (39. Kxe5 h3 $15)) 38. c5 Rf4+ (38... Rxf2 39. cxd6 (39. Rxd6 h3 $11) 39... Kf7 40. Ra8 $16) (38... dxc5 39. d6 Kf7 (39... Rxf2 $2 40. d7 $18) 40. Kxe5 $11) 39. Ke3 dxc5 40. Re6 {[%emt 0:00:23][%cal Od5d6] [#]} h3 $2 ({Besser ist} 40... Kf7 $1 $19 41. Rxe5 Rf6) 41. Rxe5 $15 Rh4 42. d6 h2 43. d7 $1 h1=Q (43... h1=R $2 {ist das falsche Schlagen.} 44. d8=Q+ (44. d8=B $2 Re1+ 45. Kf3 Rxe5 $19) 44... Kh7 45. Qd3+ (45. Rxc5 Rh6 $18) 45... g6 46. Ke2 (46. Rxc5 R4h3+ 47. f3 Re1+ 48. Kf2 Re7 49. Kg2 Rh6 50. Qd8 Rg7) 46... Rf4 47. Re7+ (47. Rxc5 Rh2 $18) 47... Kh6 48. Qe3 $18) 44. d8=Q+ $11 {[%emt 0:00:12] KQR-KQR} Kh7 45. Qd3+ g6 46. Qd7+ Kh6 {[%emt 0:00:02] ( -> ...Qe1+)} 47. Qe7 $2 (47. Re7 $11 Qc1+ 48. Qd2 Rh3+ 49. Ke2+ Qxd2+ 50. Kxd2) 47... Qe1+ {[%emt 0:01:50] Schwarz setzt Matt.} 48. Kf3 Qd1+ 49. Ke3 Rh3+ 50. f3 Rxf3+ 51. Ke4 Qd3# {[%emt 0:00:07] Gewichteter Fehlerwert: Weiß=0.35/Schwarz=0.19 (sehr präzise) .  Verlustzug:     	Weiß=2     	---        Gewinn verpasst:   	---       	Schwarz=1     Fehler:       	Weiß=3     	Schwarz=2     Ungenau:       	Weiß=1     	Schwarz=2     OK:         	Weiß=14    	Schwarz=18    Bester:       	Weiß=6     	Schwarz=5     Stark:        	Weiß=1     	Schwarz=3} 0-1

[Event "50th La Roda Open 2024"]
[Site "La Roda"]
[Date "2024.03.28"]
[Round "2.11"]
[White "Admiraal, Miguoel"]
[Black "Jarque Megias, Juan Jose"]
[Result "1/2-1/2"]
[ECO "D00"]
[WhiteElo "2471"]
[BlackElo "2048"]
[Annotator "TA"]
[PlyCount "56"]
[EventDate "2024.03.27"]
[EventType "swiss"]
[EventCountry "ESP"]
[SourceTitle "playchess.com"]
[Source "ChessBase"]
[SourceQuality "1"]
[TimeControl "5400+30"]

1. d4 d5 2. Nc3 Nf6 3. Bf4 a6 4. e3 e6 5. g4 Bb4 6. Nge2 O-O 7. a3 Bd6 (7... Be7 $15) 8. g5 $11 {[%emt 0:03:55] White has an edge.} Nfd7 9. h4 Re8 10. Bxd6 cxd6 11. Nf4 Nc6 12. Rg1 e5 13. dxe5 (13. Nfxd5 $2 exd4 14. Qd2 Nde5 $19 (14... dxc3 $2 15. Nxc3 Nb6 16. O-O-O $19)) 13... d4 14. e6 $1 $36 {[%emt 0:01:19][%mdl 2048] White is on the roll.} (14. exd4 $2 dxe5 15. dxe5 Ndxe5 $19) 14... Nde5 (14... fxe6 $16 15. exd4 Qb6) 15. exf7+ $1 $18 (15. exd4 Nxd4 16. exf7+ Nxf7+ 17. Kd2 Ne5 $11) 15... Nxf7 16. Ncd5 dxe3 17. fxe3 (17. Nxe3 $6 Re4 18. Ne2 (18. Qf3 Qa5+ 19. c3 Qf5 $15) 18... Qb6 $16) (17. Bd3 $1 $18 Nce5 18. Bxh7+ (18. fxe3 Nxd3+ 19. Qxd3 Ne5 $16) (18. Nxe3 Qa5+ 19. c3 Nxd3+ 20. Nxd3 Bf5 $14) 18... Kxh7 19. g6+ Kg8 (19... Kh8 $2 20. gxf7 exf2+ 21. Kd2 $18) 20. gxf7+ Nxf7 21. Nxe3 (21. fxe3 Qxh4+ 22. Kd2 Bf5 $14) (21. Qh5 Re5 $11)) 17... Nce5 (17... Bf5 $16 18. Qd2 Rc8) 18. Bd3 Nxd3+ 19. cxd3 (19. Nxd3 Qa5+ 20. N3b4 Qc5 $11) 19... Be6 20. Qb3 {[%emt 0:21:57][%cal Of4e6] White has more active pieces.} Rc8 (20... Bxd5 $16 {keeps fighting.} 21. Nxd5 Qc8) 21. Nxe6 $1 (21. Qxb7 Bxd5 22. Nxd5 (22. Qxd5 $2 Qb6 $19) 22... Rb8 23. Qxa6 Rxb2 $11) 21... Rxe6 {[%emt 0:01:44] [#]} 22. Nf6+ $1 Rxf6 23. gxf6 Qxf6 24. Ke2 (24. Qxb7 $18 {and White stays clearly on top.} Qxh4+ 25. Kd1 Qa4+ 26. b3) 24... Qxh4 $16 25. Raf1 ({Much worse is} 25. Qxb7 $6 Qh2+ 26. Kf1 Rf8 $11) 25... Qh5+ {[%emt 0:00:25] [#]} 26. Ke1 {[%emt 0:05:04] Chess con chili.} (26. Rf3 $1 $16 {[%cal Og1g5] Rg5! is the strong threat.} Qh2+ 27. Rf2 Qh5+ (27... Qxg1 28. Qxf7+ Kh8 29. Qf8+ Rxf8 30. Rxf8#) 28. Kd2 Qa5+ 29. Kd1 Qh5+ 30. Re2) 26... Qh4+ $11 27. Ke2 ({Better is} 27. Kd1 $11 Qh5+ 28. Ke1) 27... Qh5+ $1 $16 {[%emt 0:00:05] [#]} 28. Ke1 (28. Rf3 $1 $16 {[%cal Og1g5] Hoping for Rg5!} Qh2+ 29. Rf2 Qh5+ (29... Qxg1 30. Qxf7+ Kh8 31. Qf8+ Rxf8 32. Rxf8#) 30. Kd2 Qa5+ 31. Ke2 Qh5+ 32. Kd2 Qa5+ 33. Kd1 Qh5+ 34. Re2) 28... Qh4+ {[%emt 0:00:05] Weighted Error Value: White=0.27 (precise) /Black=0.24 (precise) .  Mistake:       	White=5     	Black=4      Inaccurate:     	White=1     	Black=2      OK:         	White=4     	Black=8      Best:        	---       	Black=3      Strong:       	White=3     	Black=1} 1/2-1/2

[Event "50th La Roda Open 2024"]
[Site "La Roda"]
[Date "2024.03.28"]
[Round "2.12"]
[White "Fernandez Cano, Victor"]
[Black "Martinez Ramirez, Lennis"]
[Result "0-1"]
[ECO "D00"]
[WhiteElo "1995"]
[BlackElo "2450"]
[Annotator "TA"]
[PlyCount "102"]
[EventDate "2024.03.27"]
[EventType "swiss"]
[EventCountry "ESP"]
[SourceTitle "playchess.com"]
[Source "ChessBase"]
[SourceQuality "1"]
[TimeControl "5400+30"]

1. d4 Nf6 2. Nf3 g6 3. Nc3 d5 4. Bf4 Bg7 5. Nb5 Na6 6. e3 Nh5 7. Be5 f6 {[%emt 0:00:16][%cal Oc7c6] [#] aiming for ...c6!} 8. Bg3 {[%emt 0:00:49] Black has an edge.} c6 {[%emt 0:00:36][%cal Oh5g3] White must now prevent ...Nxg3!} 9. Nc3 Qb6 10. Rb1 e5 11. Be2 Nxg3 12. hxg3 Bg4 13. b4 Bxf3 (13... Nxb4 $2 14. a3 $18) (13... Qd8 $11) 14. Bxf3 ({White should try} 14. gxf3 $14 O-O 15. Kf1 (15. Na4 Qd8 $16)) 14... f5 (14... Nxb4 $2 15. a3 $18) (14... exd4 {simplifies} 15. exd4 O-O 16. O-O Qd8) 15. b5 Qa5 16. Qd2 Nc7 17. bxc6 bxc6 18. Rb7 {[%emt 0:00:25] [#]} (18. dxe5 $14 {stays ahead.} Bxe5 19. Ne2 Qxa2 20. O-O) 18... O-O-O $1 $17 {[%emt 0:07:26] White is now going downhill.} 19. Rb3 exd4 20. exd4 Ne6 21. Ne2 Qxd2+ (21... Qxa2 $2 {too greedy.} 22. O-O $18) 22. Kxd2 Nxd4 23. Ra3 Nb5 $36 {[%emt 0:00:08][%mdl 2048] Black is on the roll.} 24. Rb3 h5 25. Rhb1 g5 {[%emt 0:03:22] ...g4 is the strong threat. Black is more active.} 26. a4 (26. Rxb5 $17 {was called for.} cxb5 27. Rxb5) 26... Nd6 $19 27. Rb8+ Kc7 28. Rxd8 Rxd8 (28... Kxd8 29. Rb8+ Nc8 30. Rb7 $17) 29. Bxh5 Rh8 30. g4 Ne4+ 31. Ke3 f4+ 32. Kd3 Nxf2+ 33. Kd2 Ne4+ 34. Kd3 Nc5+ 35. Kd2 Nxa4 36. c3 Nc5 37. Kc2 a5 38. Nd4 Bxd4 39. cxd4 {[%emt 0:00:05][%mdl 4096] Endgame. KRB-KRN} Ne6 40. Kc3 Rf8 {[%emt 0:00:16] Prevents Bf7} 41. Rf1 a4 42. Bg6 Rb8 43. Bc2 a3 44. Bf5 Ng7 45. Bc2 Ne8 46. Ra1 Nd6 47. Bd3 Ra8 48. Kb3 Ne4 49. Rxa3 Nd2+ 50. Kb2 Rxa3 51. Kxa3 f3 {[%emt 0:00:07] Weighted Error Value: White=0.33/Black=0.10 (very precise) .  Mistake:       	White=3     	Black=1      Inaccurate:     	White=2     	Black=2      OK:         	White=10    	Black=16     Best:        	White=3     	Black=7      Strong:       	---       	Black=1} 0-1

[Event "50th La Roda Open 2024"]
[Site "La Roda"]
[Date "2024.03.28"]
[Round "2.13"]
[White "Sanchez Alvarez, Roberto Carlos"]
[Black "Collado Alcolado, Angel"]
[Result "1/2-1/2"]
[ECO "D06"]
[WhiteElo "2407"]
[BlackElo "2039"]
[Annotator "TA"]
[PlyCount "53"]
[EventDate "2024.03.27"]
[EventType "swiss"]
[EventCountry "ESP"]
[SourceTitle "playchess.com"]
[Source "ChessBase"]
[SourceQuality "1"]
[TimeControl "5400+30"]

1. d4 d5 2. c4 c5 3. cxd5 Qxd5 4. Nf3 cxd4 5. Nc3 Qa5 6. Nxd4 Nf6 {[%emt 0:00:07] Wards off e4} 7. a3 e5 8. Ndb5 {[%emt 0:06:24] White is slightly better.} Bd7 9. e4 Bc5 $2 (9... a6 $11 10. Nd6+ Bxd6 11. Qxd6 Nxe4) 10. b4 $1 $18 Bxb4 11. axb4 ({Only move:} 11. Bd2 $1 $18 Bc5 12. Nd5) 11... Qxa1 $15 12. Nd6+ Kf8 (12... Ke7 {is more complex.} 13. Nd5+ Kxd6 14. Nxf6+ Qd4) 13. Qd2 Nc6 {[%emt 0:04:01] Hoping for ...Nd4.} 14. Bc4 (14. f4 $1 $15) 14... Be6 $17 (14... Nxb4 15. O-O Qa5 16. Nxf7 $16 (16. Nxb7 Qb6 $17)) 15. O-O {[%emt 0:08:12] Bb2 would now be deadly.} Bxc4 (15... Nxb4 $2 16. Nf5 Bxf5 (16... Bxc4 17. Qd6+ Kg8 18. Ne7+ Kf8 19. Nc8+ Kg8 20. Qd8+) 17. Qd6+ Kg8 18. Qxb4 $18) 16. Nxc4 Rd8 (16... Nxb4 $2 17. Ba3 $18 (17. Nxe5 Kg8 $17) (17. Nxe5 Kg8 $17)) 17. Qe3 {[%emt 0:00:53] [#]} Nd4 $1 {[%emt 0:01:26][%cal Oa1c3] Threatens to win with ...Qxc3!} (17... Nxb4 $2 18. Ba3 $18 (18. Nxe5 Nd3 $17) (18. Qc5+ Kg8 $18) (18. Nxe5 Qa5 $17) (18. Qc5+ Kg8 $18)) 18. Bb2 (18. Nxe5 $2 {perishes.} Qxc3 19. h3 (19. Nd7+ $2 Rxd7 20. f3 Qxe3+ 21. Bxe3 Ke7 $19) 19... Qxe3 (19... Qxb4 $2 20. Ba3 $18) 20. Bxe3 Nxe4 $19) 18... Qa6 19. Nxe5 Qe6 20. f4 ({White should play} 20. Nd3 $1 $15) 20... Qb3 21. Ba1 (21. Rd1 $142 Qxb2 22. Rxd4 Qa1+ (22... Rxd4 23. Qxd4 Qc1+ 24. Kf2 $11) 23. Kf2) 21... b6 (21... Qxb4 $17 {...Qc5 is the strong threat.} 22. Rb1 Qa5) 22. Rd1 Ne6 23. Rxd8+ Nxd8 24. Qd4 Nb7 {[%emt 0:05:12][%mdl 8192] [#]} (24... Ne6 $11 {and Black stays safe.} 25. Qd6+ Kg8) 25. Nd7+ $1 $18 Nxd7 26. Qxd7 {And now Qc8+ would win.} Qc2 (26... Qe6 $18 27. Qxb7 h5) 27. Qc8+ {[%emt 0:01:00][%mdl 32768] Weighted Error Value: White=0.25 (precise) /Black=0.86.  Loses game:     	---       	Black=2      Missed win:     	White=1     	---        Mistake:       	White=3     	Black=2      Inaccurate:     	White=3     	Black=3      OK:         	White=5     	Black=5      Best:        	White=2     	Black=4      Strong:       	White=2     	Black=1     . An unexpected result.} 1/2-1/2

[Event "50th La Roda Open 2024"]
[Site "La Roda"]
[Date "2024.03.28"]
[Round "2.14"]
[White "Macias Sanchez, Homero"]
[Black "Cruz Lledo, Pablo"]
[Result "0-1"]
[ECO "B11"]
[WhiteElo "1988"]
[BlackElo "2353"]
[Annotator "RC"]
[PlyCount "68"]
[EventDate "2024.03.27"]
[EventType "swiss"]
[EventCountry "ESP"]
[SourceTitle "playchess.com"]
[Source "ChessBase"]
[SourceQuality "1"]
[TimeControl "5400+30"]

1. e4 c6 2. Nc3 d5 3. Nf3 dxe4 4. Nxe4 Nf6 5. Qe2 Qd5 6. Nxf6+ gxf6 7. g3 Bg4 8. Bg2 Nd7 9. h3 Bh5 10. d4 Bg7 11. O-O Bxf3 12. Bxf3 Qxd4 13. Be3 Qe5 14. Rfd1 Qe6 15. Bg2 O-O 16. Rd2 Ne5 17. b3 a5 18. a4 Rfd8 19. Bb6 Rxd2 20. Qxd2 Qf5 21. f4 Ng6 22. Re1 h5 23. Kh2 h4 24. g4 Qc8 25. Be4 e5 26. Qf2 exf4 27. Bxg6 fxg6 28. Qxf4 Qd7 29. Re2 Re8 30. Rd2 Qe7 31. Bxa5 f5 32. Bc7 g5 33. Qc4+ Kh8 34. Bd6 Be5+ 0-1

[Event "50th La Roda Open 2024"]
[Site "La Roda"]
[Date "2024.03.28"]
[Round "2.15"]
[White "Martinez Reyes, Pedro Ramon"]
[Black "Arroyo Rodriguez, Jesus"]
[Result "1-0"]
[ECO "B22"]
[WhiteElo "2332"]
[BlackElo "2027"]
[Annotator "RC"]
[PlyCount "75"]
[EventDate "2024.03.27"]
[EventType "swiss"]
[EventCountry "ESP"]
[SourceTitle "playchess.com"]
[Source "ChessBase"]
[SourceQuality "1"]
[TimeControl "5400+30"]

1. e4 c5 2. c3 Nf6 3. e5 Nd5 4. Bc4 Nb6 5. Bb3 c4 6. Bc2 Nc6 7. Nf3 Qc7 8. Qe2 e6 9. b3 cxb3 10. axb3 d6 11. d4 dxe5 12. dxe5 Bd7 13. O-O Rc8 14. Re1 h6 15. h4 a6 16. h5 Be7 17. Bd3 Nd5 18. Ra4 Na5 19. Rg4 Nxb3 20. Rxg7 Nxc1 21. Rxc1 Nf4 22. Qe4 Nxd3 23. Qxd3 Qc4 24. Qd2 Qe4 25. Rd1 Ba4 26. Re1 Qf5 27. Qb2 Rc7 28. Qb6 Rd7 29. Nd4 Qxh5 30. Nd2 Bg5 31. Ne4 Kf8 32. Nf6 Bxf6 33. exf6 Bb5 34. Rxe6 Qd1+ 35. Kh2 fxe6 36. Nxe6+ Ke8 37. Qd8+ Rxd8 38. Re7# 1-0

[Event "50th La Roda Open 2024"]
[Site "La Roda"]
[Date "2024.03.28"]
[Round "2.16"]
[White "Sanchez Carrasco, Francisco Javier"]
[Black "Buendia Pinar, Alvaro"]
[Result "0-1"]
[ECO "A17"]
[WhiteElo "1981"]
[BlackElo "2331"]
[Annotator "RC"]
[PlyCount "62"]
[EventDate "2024.03.27"]
[EventType "swiss"]
[EventCountry "ESP"]
[SourceTitle "playchess.com"]
[Source "ChessBase"]
[SourceQuality "1"]
[TimeControl "5400+30"]

1. c4 e6 2. Nc3 d5 3. e3 Nf6 4. Nf3 a6 5. b3 c5 6. d4 cxd4 7. exd4 Bb4 8. Bd2 dxc4 9. bxc4 Nc6 10. Qb3 Ba5 11. Qa3 Bb4 12. Qb2 O-O 13. Ne4 Bxd2+ 14. Nexd2 Qa5 15. Be2 Ne4 16. O-O Nxd2 17. Nxd2 Rd8 18. Nb3 Qg5 19. f4 Qf6 20. Rad1 Bd7 21. Nc5 Be8 22. Ne4 Qf5 23. Ng3 Qa5 24. f5 Nxd4 25. fxe6 Qe5 26. exf7+ Bxf7 27. Qxb7 Nxe2+ 28. Nxe2 Bxc4 29. Rde1 Bxe2 30. Rf2 Bc4 31. Qb4 Qd4 0-1

[Event "50th La Roda Open 2024"]
[Site "La Roda"]
[Date "2024.03.28"]
[Round "3.1"]
[White "Cabezas Ayala, Ivan"]
[Black "Aravindh, Chithambaram VR."]
[Result "0-1"]
[ECO "B68"]
[WhiteElo "2242"]
[BlackElo "2662"]
[Annotator "TA"]
[PlyCount "76"]
[EventDate "2024.03.27"]
[EventType "swiss"]
[EventCountry "ESP"]
[SourceTitle "playchess.com"]
[Source "ChessBase"]
[SourceQuality "1"]
[TimeControl "5400+30"]

1. e4 c5 2. Nf3 d6 3. d4 cxd4 4. Nxd4 Nf6 5. Nc3 Nc6 6. Bg5 e6 7. Qd2 a6 8. O-O-O Be7 9. f4 Bd7 10. Kb1 b5 11. Bxf6 gxf6 (11... Bxf6 $11 {remains equal.} 12. Nf3 Be7) 12. Nxc6 $16 Bxc6 {[%emt 0:00:06] White is slightly better.} 13. Bd3 Qb6 14. Rhf1 (14. f5 $16) 14... h5 15. g3 b4 16. Ne2 Rb8 17. c3 (17. Nc1 $11) 17... a5 ({Better is} 17... d5 $15 18. e5 Ba4) 18. Qc2 Kf8 19. f5 {[%emt 0:01:55] fxe6 is the strong threat.} bxc3 20. Nxc3 Kg7 21. Qe2 {[%emt 0:09:39] And now fxe6 would win.} a4 (21... Qd4 $1 $11 {keeps the balance.} 22. Ka1 Qc5) 22. Rd2 (22. fxe6 $16 fxe6 23. Nd5 Qxb2+ (23... exd5 24. exd5 $16) 24. Qxb2 exd5 25. exd5 (25. Bb5 $2 Rxb5 26. exd5 Rhb8 $19)) 22... Bd7 $11 23. Rf4 Qa5 24. Rc2 a3 25. b3 Rbc8 $36 {[%emt 0:00:06][%mdl 2048] Black fights for an advantage.} 26. Bc4 Bd8 27. Rh4 ({White should try} 27. Qd2 $15) 27... Qe5 (27... exf5 $17 28. Rxh5 Rxh5 29. Qxh5 Rxc4 30. bxc4 Qb6+ 31. Kc1 Qe3+ 32. Kb1 fxe4) 28. Rxh5 $15 Rxh5 29. Qxh5 Ba5 30. Qg4+ $1 Kf8 31. fxe6 (31. Nd1 $1 $15) 31... fxe6 (31... Bxe6 $17 32. Bxe6 Rxc3) 32. Nd5 $2 {[%emt 0:03:03][%mdl 8192] [#]} Rxc4 $1 $19 33. bxc4 {[%emt 0:01:22] [#]} Ba4 $1 (33... exd5 34. Qxd7 dxe4 35. Qb5 $18) (33... f5 34. Qg5 exd5 35. cxd5 $19) 34. Rf2 (34. Nf4 $2 {leads to mate.} Bxc2+ 35. Kxc2 Qc3+ 36. Kd1 Qd2#) 34... exd5 35. cxd5 (35. Qf4 $19 Qxe4+ 36. Qxe4 dxe4 37. Rxf6+ Ke7 38. Rf4) 35... Qc3 {[%emt 0:01:06] Black mates.} 36. Qe2 Qb4+ 37. Kc1 Qc5+ 38. Kb1 Bc3 {[%emt 0:00:30] Weighted Error Value: White=0.63/Black=0.20 (precise) .  Loses game:     	White=1     	---        Mistake:       	White=6     	Black=5      Inaccurate:     	White=4     	---        OK:         	White=4     	Black=7      Best:        	White=1     	Black=2      Strong:       	White=1     	Black=1      Brilliant:      	---       	Black=1} 0-1